 Dungeon Crawl Stone Soup version 0.27.1 (webtiles) character file.

Game seed: 13306359406543846604

213 Malachi the Chiller (level 5, 0/38 HPs)
             Began as a Ghoul Ice Elementalist on Aug 21, 2021.
             Was a Follower of Cheibriados.
             Slain by a hound (3 damage)
             ... on level 4 of the Dungeon.
             The game lasted 00:13:24 (5288 turns).

Malachi the Chiller (Ghoul Ice Elementalist)        Turns: 5288, Time: 00:13:25

Health: 0/38       AC:  3    Str: 14    XL:     5   Next: 90%
Magic:  5/9        EV: 12    Int: 13    God:    Cheibriados [*.....]
Gold:   149        SH:  0    Dex: 11    Spells: 9/10 levels left

rFire    . . .     SeeInvis .   l - +1 whip (elec)
rCold    + . .     Faith    .   (no shield)
rNeg     + + +     Spirit   .   a - +0 robe
rPois    ∞         Reflect  .   (no helmet)
rElec    .         Harm     .   d - +0 cloak
rCorr    .         Rampage  .   (no gloves)
Will     .....                  (no boots)
Stlth    ++........             (no amulet)
HPRegen  0.00/turn              (no ring)
MPRegen  0.11/turn              (no ring)

@: inhibited regen, very slow
A: claws 1, cold resistance 1, negative energy resistance 3, inhibited
regeneration, torment resistance 2
a: Renounce Religion, Bend Time


You were on level 4 of the Dungeon.
You worshipped Cheibriados.
Cheibriados was aware of your devotion.
You visited 1 branch of the dungeon, and saw 4 of its levels.

You collected 149 gold pieces.

Inventory:

Hand Weapons
 e - a +1 dagger of draining
 f - a +0 hunting sling
 l - a +1 whip of electrocution (weapon)
Missiles
 b - 39 sling bullets
 h - 116 stones
Armour
 a - a +0 robe (worn)
 d - a +0 cloak (worn)
Jewellery
 k - a ring of magical power
Scrolls
 i - a scroll of magic mapping
Potions
 c - a potion of heal wounds
 g - a potion of curing
 j - a potion of invisibility {unknown}


   Skills:
 + Level 1.2 Maces & Flails
 - Level 1.7 Dodging
 - Level 2.2 Stealth
 * Level 3.3 Spellcasting
 * Level 6.2 Ice Magic


You had 9 spell levels left.
You knew the following spells:

 Your Spells              Type           Power      Damage    Failure   Level
a - Freeze                Ice            72%        1d9       1%          1

Your spell library contained the following spells:

 Spells                   Type           Power      Damage    Failure   Level
 Frozen Ramparts          Ice            36%        1d5       4%          3
 Ozocubu's Armour         Ice            18%        N/A       4%          3
 Hailstorm                Conj/Ice       10%        3d5       52%         4


Dungeon Overview and Level Annotations

Branches:
Dungeon (4/15)
 Temple: D:4-7

Altars:
Cheibriados
Sif Muna

Shops:
D:3 ((


Innate Abilities, Weirdness & Mutations

You thrive by killing the living.
You are immune to poison.
You have sharp fingernails.
Your flesh is cold resistant. (rC+)
You are immune to negative energy. (rN+++)
You do not regenerate when monsters are visible.
You are immune to unholy pain and torment.


Message History

Press: ? - help, Q - select action, (/) - cycle Shift-Dir - straight line, f - gnoll
Aim: a gnoll, wielding a +0 flail You freeze the gnoll.
The gnoll is lightly wounded.
The gnoll hits you from afar with a +0 spear.
The gnoll barely misses you.
Aiming: Freeze (safe; 1% risk of failure)
Press: ? - help, Q - select action, (/) - cycle Shift-Dir - straight line, f/p - gnoll
Aim: a gnoll, wielding a +0 flail (lightly wounded)
You freeze the gnoll.
The gnoll is moderately wounded.
The gnoll misses you.
The gnoll hits you from afar with a +0 spear.
Aiming: Freeze (safe; 1% risk of failure)
Press: ? - help, Q - select action, (/) - cycle Shift-Dir - straight line, f/p - gnoll
Aim: a gnoll, wielding a +0 flail (moderately wounded)
You freeze the gnoll.
The gnoll is severely wounded.
The gnoll hits you with a +0 flail!
* * * LOW HITPOINT WARNING * * *
The gnoll hits you from afar with a +0 spear.
* * * LOW HITPOINT WARNING * * *
The gnoll throws a stone.
The stone hits you.
* * * LOW HITPOINT WARNING * * *
You see here 20 bolts.
The gnoll throws a stone.
The stone hits you but does no damage.
The gnoll throws a stone.
The stone misses you.
The gnoll throws a stone.
The stone hits you.
* * * LOW HITPOINT WARNING * * *
The gnoll throws a stone.
The stone closely misses you.
The gnoll throws a stone.
The stone barely misses you.
Really walk into that dispersal trap?
You enter a dispersal trap!
The gnoll blinks! x2; You blink.
A jackal and a hound come into view.
The jackal barks!
The hound barks!
You hear a bark!
A jackal comes into view.
The jackal moves out of view.
The gnoll barely misses you. The hound bites you but does no damage.
The hound bites you.
You die...

.. #.## #..#
#... +...
#.h#
######.h##
........h#
.......@g##
#########.##
#^.# ##.##
##.## #..#
##.## ##§#
#.##


You could see a hound, a gnoll and 2 jackals.

Vanquished Creatures
  An orc priest (D:3)
  A jelly (D:4)
  Jessica (D:2)
  An orc wizard (D:3)
  2 adders
  A gnoll (D:4)
  A worm (D:3)
  2 dart slugs
  3 orcs (D:3)
  4 endoplasms
  A giant cockroach (D:2)
  10 goblins
  5 hobgoblins
  5 jackals
  2 quokkas
  2 ball pythons (D:1)
  6 bats
  4 frilled lizards
  7 kobolds
  8 rats
67 creatures vanquished.

Vanquished Creatures (others)
  Robin (D:2)
  An adder (D:3)
  7 goblins (D:2)
  A hobgoblin (D:2)
10 creatures vanquished.

Grand Total: 77 creatures vanquished

Notes
Turn   | Place    | Note
-------+----------+-------------------------------------------
     0 | D:1      | Malachi the Ghoul Ice Elementalist began the quest for the
                  | Orb.
     0 | D:1      | Reached XP level 1. HP: 14/14 MP: 2/2
   865 | D:1      | Reached XP level 2. HP: 15/20 MP: 0/3
  1376 | D:1      | Reached skill level 5 in Ice Magic
  1971 | D:1      | Reached XP level 3. HP: 26/26 MP: 5/5
  2082 | D:2      | Killed Robin
  2915 | D:2      | Noticed Jessica
  2921 | D:2      | Killed Jessica
  2922 | D:2      | Reached XP level 4. HP: 33/33 MP: 4/7
  3218 | D:3      | Found a faded altar of an unknown god.
  3336 | D:3      | Found a shimmering blue altar of Sif Muna.
  3402 | D:3      | Found Istros's Weapon Emporium.
  3487 | D:3      | Found Raicex's Weapon Shoppe.
  4088 | D:3      | Reached XP level 5. HP: 38/38 MP: 3/8
  4106 | D:3      | Reached skill level 1 in Maces & Flails
  4539 | D:3      | Became a worshipper of Cheibriados the Contemplative
  4539 | D:3      | Reached * piety under Cheibriados
  5084 | D:4      | Reached skill level 6 in Ice Magic
  5288 | D:4      | Slain by a hound

Illustrated notes

Levels and vault maps discovered:
D:1:      amcnicky_arrival_blooded_trapdoor, layout_loops_corners
D:2:      layout_basic, lemuel_another_geyser, uniq_robin, uniq_jessica
D:3:      minmay_wonky_spiral, layout_loops_ring, nicolae_sif_muna_condensation,
          shapermc_ecumenical_altar_venn, serial_shops, shop, shop,
          chequers_serial_rivers_small_b, lemuel_flame_loot_1
D:4:      layout_cave_pods, grunt_gozag_statues, minmay_temple_entry_mist,
          nrook_mini_vaults, kennysheep_diamond

Skill      XL: |  1  2  3  4  5 |
---------------+----------------+-----
Ice Magic      | 5 6 |  6.2
Spellcasting   | 2 3 |  3.3
Maces & Flails | 1 |  1.2
Dodging        | |  1.7
Stealth        | |  2.2

Action                   |  1- 3 |  4- 6 || total
-------------------------+-------+-------++-------
Melee: Unarmed           |    16 |       ||    16
       Dagger            |    10 |     4 ||    14
       Whip              |       |    13 ||    13
 Cast: Freeze            |    54 |    53 ||   107
  Use: Scroll            |       |     3 ||     3
       Potion            |       |     2 ||     2
 Stab: Sleeping          |     4 |       ||     4
Armor: Robe              |    13 |     9 ||    22
Dodge: Dodged            |    24 |    37 ||    61
